Map: Automaton LE

Players

Mesrob - Winner!

  • Race: Terran Terran
  • League: Platinum
  • Spawn Location: 9:00

Xephras

  • Race: Protoss Protoss
  • League: Platinum
  • Spawn Location: 3:00

VOD

Have the link to the VOD?

Description

Time

  • Played on: Feb. 1, 2019, 2:33 a.m.
  • Length: 21:52
Show
View Real Time Build Order
Export as new Build Order

Mesrob Terran - Winner!

Build Orders: Mech 

Get SALT Encoding   

  12  0:01  SCV  
  13  0:13  SCV  
  14  0:18  Supply Depot  
  14  0:25  SCV  
  15  0:40  SCV  
  15  0:41  Barracks  
  16  0:48  Refinery  
  16  0:52  SCV  
  17  1:04  SCV  
  18  1:16  SCV  
  19  1:38  Orbital Command  
  19  1:44  Command Center  
  19  1:45  Marine  
  20  2:01  Bunker  
  20  2:11  SCV  
  21  2:16  Factory  
  21  2:23  SCV  
  22  2:32  Refinery  
  22  2:35  SCV  
  23  2:40  Barracks Tech Lab  
  23  2:54  Supply Depot  
  23  2:58  Supply Depot  
  23  3:06  SCV  
  23  3:09  Engineering Bay  
  23  3:12  Orbital Command  
  24  3:17  Supply Depot  
  24  3:18  SCV  
  25  3:22  Refinery  
  24  3:35  Siege Tank  
  24  3:36  Marine  
  28  3:47  Missile Turret  
  28  3:49  Armory  
  28  3:50  SCV  
  23  4:03  Missile Turret  
  22  4:21  Missile Turret  
  22  4:29  SCV  
  22  4:30  SCV  
  24  4:41  SCV  
  24  4:43  SCV  
  26  4:49  Factory  
  26  4:53  Factory  
  26  4:56  Terran Vehicle Weapons Level 1  
  26  5:00  SCV  
  26  5:04  SCV  
  28  5:16  SCV  
  28  5:17  SCV  
  30  5:27  Thor  
  30  5:28  SCV  
  37  5:29  SCV  
  38  5:40  SCV  
  38  5:41  Missile Turret, SCV  
  40  5:44  Refinery  
  40  5:47  Factory Reactor x2  
  40  5:57  SCV  
  40  5:58  SCV  
  40  6:03  Factory  
  42  6:09  SCV  
  42  6:10  Thor  
  49  6:22  Supply Depot  
  49  6:31  Missile Turret  
  49  6:52  Factory Tech Lab, Supply Depot  
  49  6:53  Hellbat x2, Thor  
  59  6:56  Terran Vehicle And Ship Armor Level 1  
  59  6:58  SCV  
  60  7:05  SCV  
  61  7:10  SCV  
  62  7:23  Command Center  
  62  7:32  SCV  
  63  7:43  SCV  
  63  7:44  SCV  
  65  7:48  Supply Depot  
  65  7:53  Thor  
  65  7:55  Hellbat  
  65  7:58  Hellbat  
  75  8:01  Hellbat  
  75  8:04  SCV  
  78  8:10  SCV  
  78  8:11  Supply Depot  
  79  8:17  SCV  
  80  8:28  Hellbat  
  80  8:29  Hellbat  
  80  8:32  Thor  
  90  8:35  Supply Depot  
  90  8:42  Supply Depot  
  90  8:47  SCV  
  90  8:48  SCV  
  92  8:57  Supply Depot  
  92  8:59  SCV  
  93  9:03  Marine  
  93  9:05  Supply Depot  
  94  9:10  SCV  
  94  9:14  Planetary Fortress  
  95  9:24  Thor x2  
  95  9:26  Hellbat x2  
  95  9:27  Hellbat  
  95  9:28  Hellbat  
  95  9:30  Supply Depot  
  115  9:31  SCV  
  115  9:32  SCV  
  117  9:44  SCV x2  
  119  9:51  Terran Vehicle Weapons Level 2  
  119  9:53  Supply Depot  
  119  9:56  SCV  
  119  9:57  Factory  
  119  9:59  Factory  
  120  10:05  SCV x2, Armory  
  122  10:08  Refinery, SCV  
  122  10:13  Refinery  
  123  10:15  Supply Depot  
  123  10:16  Thor  
  123  10:18  Hellbat x2  
  133  10:21  Infernal Pre-Igniter  
  133  10:23  Smart Servos  
  133  10:31  SCV x3  
  136  10:43  Supply Depot  
  136  10:48  Sensor Tower  
  136  10:55  Sensor Tower  
  136  11:06  Supply Depot  
  136  11:21  SCV x3  
  136  11:23  Command Center  
  136  11:24  Thor x2  
  151  11:26  Hellbat x2  
  151  11:27  Hellbat  
  151  11:29  Hellbat, Supply Depot  
  159  11:33  SCV  
  159  11:46  Factory Tech Lab x2  
  159  11:51  Factory  
  159  11:54  Factory  
  159  12:05  Factory  
  159  12:07  Thor x2  
  170  12:08  Thor  
  176  12:20  SCV x3  
  179  12:26  Refinery  
  179  12:32  SCV x2  
  179  12:36  Factory  
  181  12:37  Planetary Fortress  
  181  12:42  SCV  
  182  12:44  SCV x2  
  182  12:49  Thor  
  182  12:50  Factory Reactor  
  190  12:52  Refinery  
  190  12:54  SCV  
  190  12:55  Factory Tech Lab  
  191  13:03  Thor  
  197  13:35  Factory Tech Lab  
  197  13:36  Factory Tech Lab  
  133  14:02  Thor x2  
  121  14:07  Hellbat x6  
  121  14:08  Hellbat x2, Thor  
  121  14:09  Thor x2  
  131  14:28  Hellbat x5, Thor  
  131  14:29  Hellbat, Thor  
  148  14:44  Thor x2  
  152  14:49  Hellbat x2  
  152  14:51  Thor  
  152  14:52  Thor  
  160  15:03  Missile Turret  
  160  15:04  Hellbat  
  160  15:05  Hellbat x3  
  148  15:33  SCV  
  149  15:47  Command Center  
  149  15:52  Starport  
  149  15:54  Starport  
  149  15:55  Starport  
  149  15:56  Starport  
  149  15:58  Starport  
  149  16:00  Starport x2  
  149  16:02  Thor  
  155  16:37  Starport Tech Lab x3  
  155  16:38  Starport Tech Lab x3  
  155  16:46  Refinery, Starport Tech Lab  
  155  16:49  Fusion Core, Terran Vehicle And Ship Armor Level 2  
  155  16:50  Terran Vehicle Weapons Level 3  
  155  16:52  Refinery  
  155  16:56  Thor x4  
  155  16:57  Thor  
  185  17:08  Planetary Fortress  
  185  17:19  Command Center  
  185  17:23  Hellbat  
  185  17:24  Hellbat x3  
  193  17:35  Supply Depot  
  193  17:59  Supply Depot, Missile Turret  
  193  18:11  Supply Depot  
  193  18:13  Supply Depot  
  193  18:30  Battlecruiser  
  193  18:32  Supply Depot  
  199  18:34  Supply Depot  
  199  18:36  Supply Depot  
  199  18:57  Supply Depot  
  199  18:58  Supply Depot  
  199  19:02  Planetary Fortress  
  199  19:16  Refinery  
  199  19:21  Missile Turret  
  199  19:25  Supply Depot  
  199  19:35  Battlecruiser  
  199  19:36  Battlecruiser  
  199  19:37  Battlecruiser  
  199  19:38  Battlecruiser  
  199  19:40  Missile Turret, Battlecruiser  
  199  19:42  Battlecruiser  
  199  19:43  Refinery  
  199  19:45  Battlecruiser  
  196  19:47  Hellbat  
  196  19:48  Hellbat x2  
  196  19:49  Hellbat  
  186  20:08  Thor x2  
  190  20:29  Hellbat x3  
  190  20:30  Hellbat  
  190  20:31  Hellion x2  
  196  20:39  Battlecruiser  
  178  21:15  Hellion  
  172  21:20  Hellion  
Show
View Real Time Build Order
Export as new Build Order

Xephras Protoss 

Build Orders: Oracle Opening 

Get SALT Encoding   

  12  0:00  Probe  
  13  0:13  Probe  
  14  0:19  Pylon  
  14  0:26  Probe  
  15  0:31  Assimilator  
  15  0:38  Probe  
  16  0:51  Probe, Gateway  
  17  1:00  Assimilator  
  17  1:03  Probe  
  18  1:15  Probe  
  19  1:28  Probe  
  20  1:40  Probe  
  20  1:41  Cybernetics Core  
  20  1:43  Gateway  
  21  1:52  Probe  
  22  1:57  Pylon  
  22  2:04  Probe  
  23  2:13  Adept  
  23  2:16  Warp Gate  
  23  2:19  Stargate  
  25  2:36  Shield Battery  
  25  2:37  Adept  
  27  2:49  Pylon  
  27  2:52  Oracle  
  30  3:07  Pylon  
  30  3:16  Forge  
  30  3:22  Probe  
  31  3:37  Nexus  
  31  3:40  Probe  
  32  4:01  Probe  
  33  4:12  Adept x2  
  33  4:14  Probe, Protoss Ground Weapons Level 1  
  38  4:17  Twilight Council  
  38  4:27  Photon Cannon  
  38  4:32  Photon Cannon  
  38  4:34  Probe, Charge  
  39  4:48  Probe  
  39  4:49  Probe  
  41  5:00  Probe  
  41  5:01  Probe  
  43  5:10  Zealot x2  
  48  5:14  Probe x2  
  49  5:24  Oracle  
  49  5:32  Gateway  
  49  5:37  Probe  
  49  5:38  Probe  
  49  5:40  Assimilator  
  51  5:45  Pylon, Protoss Ground Weapons Level 2  
  51  5:48  Assimilator  
  51  5:49  Probe  
  52  5:54  Pylon  
  52  5:59  Pylon  
  52  6:01  Zealot x2  
  52  6:04  Probe x2  
  58  6:15  Robotics Facility  
  58  6:16  Templar Archives  
  58  6:20  Gateway  
  58  6:27  Zealot  
  58  6:32  Probe  
  61  6:33  Probe  
  62  6:42  Psionic Storm  
  62  6:44  Probe  
  63  6:53  High Templar  
  63  6:54  High Templar  
  64  7:01  Gateway  
  64  7:02  Gateway  
  66  7:12  Void Ray  
  66  7:15  Zealot  
  72  7:16  Zealot  
  72  7:22  Immortal, Probe  
  75  7:23  Probe  
  78  7:47  Pylon  
  78  7:52  Zealot  
  78  7:53  Shield Battery, Zealot x2  
  78  7:54  Protoss Shields Level 1, Shield Battery  
  84  7:59  Gateway  
  84  8:01  Pylon  
  84  8:03  Gateway  
  84  8:04  Void Ray  
  88  8:08  High Templar x2  
  92  8:15  Immortal  
  92  8:19  Zealot  
  94  8:23  Zealot  
  94  8:24  Zealot  
  102  9:02  Pylon  
  102  9:04  Nexus  
  102  9:06  Pylon  
  102  9:09  Pylon  
  102  9:12  Pylon  
  102  9:19  Observer  
  102  9:20  Void Ray  
  107  9:29  Zealot  
  107  9:30  Zealot x2  
  113  9:31  Immortal  
  113  9:33  Protoss Ground Weapons Level 3  
  117  9:56  Gateway  
  117  10:04  Forge  
  117  10:07  Void Ray  
  117  10:12  Protoss Shields Level 2  
  117  10:13  Zealot x3  
  127  10:16  Probe  
  127  10:17  Probe  
  129  10:39  Stargate  
  129  10:43  Void Ray  
  129  10:45  Stalker x2  
  129  10:48  Probe  
  134  10:51  Probe  
  139  11:00  Probe  
  140  11:05  Stalker  
  140  11:06  Immortal  
  146  11:26  Probe x2  
  146  11:28  Assimilator  
  146  11:30  Assimilator  
  146  11:32  Pylon  
  148  11:34  Photon Cannon  
  148  11:38  Probe  
  149  11:49  Void Ray x2  
  149  11:52  Pylon  
  149  11:54  Shield Battery  
  157  11:56  Pylon  
  157  12:10  Immortal  
  157  12:13  Stalker, Protoss Shields Level 3  
  157  12:14  Stalker x2  
  167  12:19  Blink  
  167  12:26  Stalker  
  169  12:30  Probe  
  169  12:31  Probe  
  169  12:34  Protoss Ground Armor Level 1  
  171  12:41  Protoss Air Weapons Level 1  
  171  12:42  Probe  
  171  12:43  Probe  
  173  13:02  Pylon  
  173  13:03  Pylon  
  173  13:04  Pylon  
  173  13:19  Void Ray  
  179  13:20  Void Ray, Probe x2  
  179  13:25  Warp Prism  
  183  13:35  Stalker x3  
  183  13:36  Stalker x2  
  117  13:58  Archon  
  117  13:59  Stalker x4  
  105  14:04  Immortal  
  99  14:17  Void Ray x2  
  103  14:28  Stalker x5  
  103  14:29  Stalker  
  103  14:56  Stalker x2  
  103  14:59  Void Ray x2  
  105  15:16  Stalker x3  
  101  15:27  Stargate  
  100  15:29  Fleet Beacon  
  100  15:39  Immortal  
  100  15:41  Protoss Ground Armor Level 2  
  100  15:42  Void Ray x2  
  112  15:56  Nexus  
  112  15:59  Pylon  
  112  16:05  Nexus  
  112  16:07  Pylon  
  112  16:09  Pylon  
  112  16:19  Immortal  
  116  16:28  Tempest  
  121  16:43  Probe  
  121  16:45  Probe  
  123  16:55  Assimilator  
  123  16:56  Tempest  
  123  16:57  Probe  
  123  16:59  Assimilator  
  129  17:06  Protoss Air Weapons Level 2  
  129  17:07  Zealot x2  
  129  17:08  Assimilator, Zealot x2  
  137  17:13  Assimilator  
  135  17:25  Tempest x2  
  143  17:47  Probe  
  140  17:59  Tempest  
  145  18:06  Stalker x3  
  145  18:07  Immortal  
  155  18:25  Robotics Facility  
  155  18:32  Tempest  
  155  18:33  Tempest  
  155  18:40  Zealot x2  
  169  18:43  Observer  
  170  18:50  Tempest  
  170  18:57  Cybernetics Core  
  175  19:10  Tempest x2  
  166  19:32  Tempest  
  92  19:53  Tempest x2  
  92  19:59  Zealot x5  
  78  20:15  Tempest  
  67  20:28  Tempest  
  51  21:26  Probe  
  52  21:38  Probe  
Tags
 
Composition
Mech
Matchup
PvT
Replay Pack
sc2 replays
Spawn Locations
Cross Positions
Add a new tag
Caveats
  • Supply blocks, unpowered buildings, or Contaminate may cause inaccurate times.
  • Supply counts are checked every 10 seconds.